 Dungeon Crawl Stone Soup version 0.31-a0-233-g139696dc86 (webtiles) character file.

Game seed: 17698992987641274314

84 qw the Shooter (level 4, 0/36 HPs)
             Began as a Minotaur Hexslinger on July 9, 2023.
             Slain by Sigmund
             ... wielding a +0 scythe
              (4 damage)
             ... on level 2 of the Dungeon.
             The game lasted 00:00:33 (1283 turns).

qw the Shooter (Minotaur Hexslinger)                Turns: 1283, Time: 00:00:33

Health: 0/36       AC:  5    Str: 12    XL:     4   Next: 24%
Magic:  4/4        EV: 11    Int: 10    God:
Gold:   147        SH:  0    Dex: 15    Spells: 4/5 levels left

rFire   . . .        Y - +1 sling
rCold   . . .        (no shield)
rNeg    . . .        i - +0 ring mail
rPois   +            (helmet restricted)
rElec   .            (no cloak)
rCorr   .            (no gloves)
SInv    .            (no boots)
Will    .....        (no amulet)
Stlth   +            c - ring of poison resistance
HPRegen 0.26/turn    (no ring)
MPRegen 0.09/turn

%: no passive effects
@: no status effects
A: horns 2, retaliatory headbutt
a: no special abilities


You were on level 2 of the Dungeon.
You visited 1 branch of the dungeon, and saw 2 of its levels.

You collected 195 gold pieces.
You spent 48 gold pieces at shops.


Innate Abilities, Weirdness & Mutations

You have a pair of horns on your head.
You reflexively headbutt those who attack you in melee.


   Skills:
 - Level 2.0 Fighting
 + Level 4.6 Ranged Weapons
 - Level 1.1 Armour
 - Level 2.1 Dodging
 - Level 1.0 Spellcasting
 - Level 2.0 Hexes


You had 4 spell levels left.
You knew the following spells:

 Your Spells              Type           Power      Damage    Failure   Level
a - Slow                  Hex            16%        N/A       34%         1

Your spell library contained the following spells:

 Spells                   Type           Power      Damage    Failure   Level
 Inner Flame              Hex/Fire       2%         N/A       83%         3
 Portal Projectile        Hex/Tloc       4%         N/A       83%         3
 Cause Fear               Hex            2%         N/A       98%         4

Inventory:

Hand Weapons
 Y - a +1 sling (weapon)
Armour
 i - a +0 ring mail (worn)
Jewellery
 c - a ring of poison resistance (left hand)
Scrolls
 e - 2 scrolls of identify
Potions
 a - a potion of curing {unknown}
 f - a potion of might {unknown}
 h - a potion of heal wounds {unknown}

Dungeon Overview and Level Annotations

Branches:
Dungeon (2/15)

Altars:

Shops:
D:1 [

Annotations:
D:2 Sigmund


Message History

Enter note:
Enter note:
Enter note:
Enter note:
Enter note:
Enter note:
Enter note:
Enter note:
Enter note:
Enter note:
Enter note:
1263 ||| READING scroll labelled LUGOG AMIGO.
As you read the scroll labelled LUGOG AMIGO, it crumbles to dust.
You assume a fearsome visage.
Sigmund looks frightened!
It was a scroll of fear.
Sigmund gestures wildly while chanting.
Sigmund flickers and vanishes!
Deactivating autopickup; reactivate with Ctrl-A.
Autopickup is now on.
Enter note:
Enter note:
Enter note:
Enter note:
Enter note:
Enter note:
Enter note: You start resting.
Something hits you but does no damage.
Deactivating autopickup; reactivate with Ctrl-A.
You shoot a sling bullet. Something hits you.
You shoot a sling bullet.
You hear some strange, mumbled words.
Something tries to affect you, but you resist.
You shoot a sling bullet. Something hits you!
You shoot a sling bullet. Something hits you but does no damage.
You shoot a sling bullet. Something hits you.
You die...

.##........# .##........#
.##....:...# .##........#
.##).......# ###########
...........#######..........
.....##.........##.......#
%....+..........>{.......#
%....##.........@#.......#
.....###########.#.......#
.....# #.#.......######
.....# #.#.............
###### #.#######.######
....## ... .# ###..### ...
.# ##...#### ... .#
###....## ##+## .#


There were no monsters in sight!

Vanquished Creatures
  Jessica (D:2)
  2 adders (D:2)
  A worm (D:2)
  A dart slug (D:2)
  5 endoplasms
  2 giant cockroaches
  5 goblins
  4 hobgoblins
  3 kobolds
  2 quokkas
  4 ball pythons
  A bat (D:1)
  A frilled lizard (D:2)
  3 rats
35 creatures vanquished.

Notes
Turn   | Place    | Note
-------+----------+-------------------------------------------
     0 | D:1      | qw the Minotaur Hexslinger began the quest for the Orb.
     0 | D:1      | Reached XP level 1. HP: 16/16 MP: 1/1
     0 | D:1      | 0 ||| qw: Version: 0.3-a-51-g015441d
     0 | D:1      | 0 ||| qw: Game counter: 4035
     0 | D:1      | 0 ||| qw: Melee chars always use a shield: true
     0 | D:1      | 0 ||| qw: God list: Okawaru
     0 | D:1      | 0 ||| qw: Allow faded altars: false
     0 | D:1      | 0 ||| qw: Do Orc after clearing Dungeon:15 true
     0 | D:1      | 0 ||| qw: Do second Lair branch before Depths: true
     0 | D:1      | 0 ||| qw: Lair rune preference: random
     0 | D:1      | 0 ||| qw: Goals: Normal
     0 | D:1      | 0 ||| PLANNING D:1-11
   151 | D:1      | Reached skill level 3 in Ranged Weapons
   151 | D:1      | Reached XP level 2. HP: 23/23 MP: 2/2
   232 | D:1      | Found a faded altar of an unknown god.
   253 | D:1      | Found Unydih's Antique Armour Boutique.
   256 | D:1      | 256 ||| SHOPLISTING glimmering leather armour (168 gold,
                  | have 54).
   256 | D:1      | 256 ||| SHOPLISTING glowing leather armour (120 gold, have
                  | 54).
   256 | D:1      | 256 ||| BUYING leather armour (48 gold).
   256 | D:1      | Bought a leather armour for 48 gold pieces
   256 | D:1      | 256 ||| SHOPLISTING ring mail (96 gold, have 6).
   518 | D:1      | 518 ||| UPGRADING to +0 leather armour.
   528 | D:1      | 528 ||| DROPPING +0 robe.
   529 | D:1      | 529 ||| UPGRADING to +0 ring mail.
   539 | D:1      | 539 ||| DROPPING +0 leather armour.
   540 | D:1      | 540 ||| READING scroll labelled ZATTEA XOILOLL.
   541 | D:1      | 541 ||| READING 2 scrolls labelled FOUTUTATEJO.
   542 | D:1      | 542 ||| DROPPING scroll of poison.
   708 | D:2      | Reached XP level 3. HP: 23/29 MP: 3/3
   900 | D:2      | Noticed Jessica
   907 | D:2      | Killed Jessica
   908 | D:2      | Reached skill level 4 in Ranged Weapons
  1146 | D:2      | Reached skill level 1 in Armour
  1146 | D:2      | Reached XP level 4. HP: 35/36 MP: 4/4
  1248 | D:2      | Noticed Sigmund
  1261 | D:2      | 1261 ||| UPGRADING to ring of poison resistance.
  1263 | D:2      | 1263 ||| READING scroll labelled LUGOG AMIGO.
  1281 | D:2      | HP: 4/36 [something (10)]
  1283 | D:2      | Slain by Sigmund

Levels and vault maps discovered:
D:1:      erik_arrival_orb_chamber, layout_rooms,
          hellmonk_ecumenical_altar_leap_of_faith, serial_shops,
          nicolae_shop_behind_doors
D:2:      layout_basic, uniq_jessica, uniq_crazy_yiuf_cottage, uniq_sigmund

Skill      XL: |  1  2  3 |
---------------+----------+-----
Ranged Weapons | 3 4 |  4.6
Fighting       | 2 |  2.0
Armour         | 1 |  1.1
Dodging        | |  2.1
Spellcasting   | |  1.0
Hexes          | |  2.0

Action                     |  1- 3 |  4- 6 || total
---------------------------+-------+-------++-------
   Fire: Sling             |    87 |    34 ||   121
    Use: Scroll            |     2 |     1 ||     3
 Armour: Robe              |     2 |       ||     2
         Ring mail         |     5 |     7 ||    12
  Dodge: Dodged            |    23 |    13 ||    36

Table legend:
 A = Non-vault XP
 B = Vault XP
 C = Vault XP percentage of total XP
 D = Non-vault monster count
 E = Vault monster count
 F = Vault count percentage of total count
                 A         B        C        D         E       F
            +---------+---------+-------+---------+---------+-------
      Total |      84 |      37 |  30.6 |      34 |       1 |   2.9
            +---------+---------+-------+---------+---------+-------
        D:1 |      29 |       0 |   0.0 |      18 |       0 |   0.0
        D:2 |      55 |      37 |  40.2 |      16 |       1 |   5.9
            +---------+---------+-------+---------+---------+-------
